 Dungeon Crawl Stone Soup version 0.29.1-1-gd02db69 (webtiles) character file.

Game seed: 3023739426969664663

477 Timinator the Insei (level 6, 0/50 HPs)
             Began as a Demigod Transmuter on Jan 6, 2023.
             Slain by an iguana (14 damage)
             ... on level 4 of the Dungeon.
             The game lasted 00:10:05 (4144 turns).

Timinator the Insei (Demigod Transmuter)            Turns: 4144, Time: 00:10:06

Health: 0/50       AC:  3    Str: 15    XL:     6   Next: 54%
Magic:  12/12      EV: 13    Int: 15    God:
Gold:   213        SH:  0    Dex: 18    Spells: 6/9 levels left

rFire   . . .      SeeInvis .     - Unarmed
rCold   . . .      Faith    .   (no shield)
rNeg    + . .      Spirit   .   i - +0 leather armour
rPois   .          Reflect  .   (no helmet)
rElec   .          Harm     .   (no cloak)
rCorr   .          Rampage  .   (no gloves)
Will    .....                   (no boots)
Stlth   +.........              (no amulet)
HPRegen 0.16/turn               u - ring of positive energy
MPRegen 0.13/turn               (no ring)

@: no status effects
A: high MP 1, forlorn, divine attributes, no potion heal 1
a: no special abilities


You were on level 4 of the Dungeon.
You visited 1 branch of the dungeon, and saw 5 of its levels.

You collected 213 gold pieces.

Inventory:

Missiles
 w - 3 javelins
Armour
 i - a +0 leather armour (worn)
 j - a +0 ring mail
Jewellery
 b - an amulet of guardian spirit
 u - a ring of positive energy (left hand)
Wands
 o - a wand of digging (1)
Scrolls
 c - 6 scrolls of teleportation {unknown}
 h - a scroll of vulnerability {unknown}
 m - 6 scrolls of identify {unknown}
 q - a scroll of enchant weapon {unknown}
 r - a scroll of fear {unknown}
 s - a scroll of immolation {unknown}
 v - a scroll of amnesia {unknown}
Potions
 a - a potion of mutation
 d - a potion of magic {unknown}
 e - a potion of haste {unknown}
 f - 3 potions of heal wounds {unknown}
 g - a potion of flight {unknown}
 k - a potion of resistance {unknown}
 l - 2 potions of invisibility {unknown}
 n - a potion of cancellation {unknown}
 p - 3 potions of curing {unknown}
 t - a potion of degeneration {unknown}


   Skills:
 * Level 2.7 Fighting
 - Level 3.0 Armour
 * Level 3.0 Dodging
 * Level 4.4 Unarmed Combat
 + Level 2.4 Spellcasting
 * Level 2.4 Transmutations


You had 6 spell levels left.
You knew the following spells:

 Your Spells              Type           Power      Damage    Failure   Level
a - Beastly Appendage     Tmut           18%        N/A       10%         1
b - Wereblood             Tmut           9%         N/A       14%         2

Your spell library contained the following spells:

 Spells                   Type           Power      Damage    Failure   Level
 Summon Small Mammal      Summ           4%         N/A       26%         1
 Spider Form              Tmut/Pois      5%         N/A       43%         3
 Call Canine Familiar     Summ           1%         N/A       61%         3
 Summon Guardian Golem    Hex/Summ       1%         N/A       61%         3
 Ice Form                 Ice/Tmut       5%         N/A       83%         4


Dungeon Overview and Level Annotations

Branches:
Dungeon (5/15)
 Temple: D:4-7

Shops:
D:1 *


Innate Abilities, Weirdness & Mutations

You have an increased reservoir of magic. (+10% MP)
You shall have no god before yourself.
Your divine heritage dramatically boosts your attributes as you level up.
Potions are less effective at restoring your health.


Message History

There is a stone staircase leading down here.
You climb downwards.
There is a stone staircase leading up here.
There is a stone staircase leading up here.
A kobold comes into view.
It is wielding a +0 dagger and quivering poisoned darts.
The kobold shouts!
You hear an angry hiss.
Casting: Beastly Appendage (safe; 10% risk of failure)
Confirm with . or Enter, or press ? or * to list all spells.
You grow a pair of large bovine horns.
Your feet morph into talons.
An iguana comes into view.
You hit the kobold but do no damage.
You headbutt the kobold, but do no damage.
The kobold hits you but does no damage.
You hit the kobold but do no damage. You claw the kobold.
You kill the kobold!
Items here: $ ( ) ? [.
You closely miss the iguana. The iguana bites you!
You closely miss the iguana.
The iguana bites you but does no damage.
You hit the iguana. You claw the iguana.
The iguana is moderately wounded.
The iguana barely misses you.
You hit the iguana but do no damage.
The iguana is moderately wounded.
The iguana bites you.
You hit the iguana. Your headbutt misses the iguana.
The iguana is heavily wounded.
Your horns disappear.
Your talons disappear.
The iguana bites you!
You closely miss the iguana.
The iguana is heavily wounded.
The iguana bites you.
You barely miss the iguana.
The iguana is heavily wounded.
The iguana bites you!
* * * LOW HITPOINT WARNING * * *
It was a potion of mutation.
You feel extremely strange.
Your system partially rejects the healing effects of potions.
The iguana bites you!
You die...

###### # #.#..# .
##. ##.### ..#..
#.## #..... ##.#
#.....########<##
...............#
......l@.......#
.........#####.#
(...###### #.#
.....#### #.#
........######.#
###............##
#..###.........####
#. ######...#...#
#.......#


You could see an iguana.

Vanquished Creatures
  A scorpion (D:5)
  4 killer bees (D:5)
  An orc priest (D:3)
  Jessica (D:2)
  Natasha (thrice) (D:2)
  Ijyb (D:3)
  3 adders
  An ufetubus (D:4)
  A worm (D:2)
  2 dart slugs
  4 orcs (D:3)
  2 bats (D:3)
  5 endoplasms
  A giant cockroach (D:2)
  6 goblins
  3 hobgoblins
  5 kobolds
  A quokka (D:2)
  6 ball pythons
  3 frilled lizards
  2 rats
56 creatures vanquished.

Notes
Turn   | Place    | Note
-------+----------+-------------------------------------------
     0 | D:1      | Timinator the Demigod Transmuter began the quest for the
                  | Orb.
     0 | D:1      | Reached XP level 1. HP: 15/15 MP: 5/5
    46 | D:1      | Found Hingueg's General Store.
    56 | D:1      | Reached skill level 1 in Fighting
   407 | D:1      | Reached skill level 3 in Unarmed Combat
   407 | D:1      | Reached XP level 2. HP: 20/23 MP: 5/7
  1098 | D:2      | Noticed Natasha
  1105 | D:2      | Killed Natasha
  1106 | D:2      | Reached skill level 1 in Armour
  1106 | D:2      | Reached XP level 3. HP: 18/28 MP: 6/8
  1470 | D:2      | Noticed Jessica
  1490 | D:2      | Killed Jessica
  1729 | D:2      | Noticed Natasha
  1735 | D:2      | Killed Natasha
  1736 | D:2      | Reached XP level 4. HP: 36/36 MP: 7/9
  1882 | D:2      | Noticed Natasha
  1897 | D:2      | Killed Natasha
  2220 | D:3      | Reached XP level 5. HP: 23/41 MP: 10/10
  2359 | D:3      | Learned a level 2 spell: Wereblood
  2422 | D:3      | Noticed Ijyb
  2439 | D:3      | Killed Ijyb
  2817 | D:3      | You fall into a shaft and drop 2 floors!
  2817 | D:5      | Entered Level 5 of the Dungeon
  2890 | D:5      | Reached skill level 4 in Unarmed Combat
  2893 | D:5      | Reached XP level 6. HP: 50/50 MP: 12/12
  3485 | D:4      | Noticed a water elemental
  3485 | D:4      | Noticed an air elemental
  3485 | D:4      | Noticed a fire elemental
  4144 | D:4      | Gained mutation: Potions are less effective at restoring
                  | your health. [potion of mutation]
  4144 | D:4      | Slain by an iguana

Illustrated notes

Levels and vault maps discovered:
D:1:      lightli_molten_gateway, layout_loops_ring,
          chequers_ecumenical_altar_simple_redux, serial_shops, shop,
          bh_walls_and_bars
D:2:      layout_basic, serial_corexii_hall, chequers_hall_statues_wall_a,
          chequers_hall_statues_y, uniq_natasha, uniq_jessica
D:3:      layout_loops_ring, nzn_hepliaklqana_mist_gate, fedhas_altar_4,
          minmay_misc_feat_tower, dk_noncrumbling_4, uniq_ijyb
D:4:      layout_layer_cave, nemelex_diamond_rough_becter,
          nicolae_qazlal_style_of_elements, minmay_temple_entry_trees,
          amethyst_killhole
D:5:      layout_basic, mainiacjoe_overflow_alcove_4, uniq_edmund

Skill      XL: |  1  2  3  4  5  6 |
---------------+-------------------+-----
Fighting       | 1 2 |  2.7
Unarmed Combat | 3 4 |  4.4
Armour         | 1 2 3 |  3.0
Dodging        | 2 3 |  3.0
Transmutations | 2 |  2.4
Spellcasting   | 2 |  2.4

Action                   |  1- 3 |  4- 6 || total
-------------------------+-------+-------++-------
Melee: Unarmed           |    57 |   114 ||   171
       Kick              |     9 |    29 ||    38
       Headbutt          |     4 |    11 ||    15
 Cast: Beastly Appendage |    19 |    16 ||    35
  Use: Potion            |     1 |     2 ||     3
Armor: Leather armour    |     3 |    25 ||    28
       Robe              |     1 |       ||     1
       Skin              |     1 |    20 ||    21
Dodge: Dodged            |    20 |    58 ||    78
